 Dungeon Crawl Stone Soup version 0.22-a0-142-g91cc6d7 (webtiles) character file.

27 sankara the Sneak (level 2, -6/19 HPs)
             Began as a Vampire Enchanter on Feb 5, 2018.
             Mangled by Sigmund
             ... wielding a +0 scythe
              (10 damage)
             ... on level 2 of the Dungeon.
             The game lasted 00:05:54 (1922 turns).

sankara the Sneak (Vampire Enchanter)               Turns: 1922, Time: 00:05:55

Health: -6/19      AC:  2    Str:  7    XL:     2   Next: 93%
Magic:  0/5        EV: 12    Int: 17    God:
Gold:   80         SH:  0    Dex: 14    Spells: 2/5 levels left

rFire    . . .     SeeInvis +   j - +1 dagger (vamp)
rCold    + + .     Gourm    .   h - +0 buckler
rNeg     + + +     Faith    .   b - +0 robe
rPois    ∞         Spirit   .   (no helmet)
rElec    .         Reflect  .   (no cloak)
rCorr    .         Harm     .   (no gloves)
MR       .....                  (no boots)
Stlth    +++.......             (no amulet)
HPRegen  0.00/turn              (no ring)
MPRegen  0.09/turn              (no ring)

@: confused, very slightly contaminated, bloodless, non-regenerating
A: fangs 3, see invisible, unbreathing
a: no special abilities


You were on level 2 of the Dungeon.
You were bloodless.

You visited 1 branch of the dungeon, and saw 2 of its levels.

You collected 80 gold pieces.

Inventory:

Hand Weapons
 a - a +1 dagger
 j - a +1 vampiric dagger (weapon)
Missiles
 e - 18 poisoned needles
 m - 30 stones (quivered)
Armour
 b - a +0 robe (worn)
 h - a +0 buckler (worn)
Jewellery
 g - an uncursed amulet of faith
Scrolls
 i - 3 scrolls of teleportation {unknown}
 k - a scroll of fog {unknown}
 n - 2 scrolls of blinking {unknown}
Potions
 d - 14 potions of blood
 f - 2 potions of resistance {unknown}
 l - a potion of haste {unknown}
Books
 c - a book of Maledictions

   Spells                             Type                      Level
   a - Corona                         Hexes                        1
   b - Ensorcelled Hibernation        Hexes/Ice                    2
   c - Confuse                        Hexes                        3
   d - Tukima's Dance                 Hexes                        3
   e - Dazzling Spray                 Conjuration/Hexes            3


   Skills:
 - Level 1.1 Short Blades
 - Level 2.1 Dodging
 + Level 5.2 Stealth
 + Level 0.3 Shields
 + Level 2.1 Spellcasting
 + Level 5.1 Hexes
 + Level 0.5 Ice Magic


You had 2 spell levels left.
You knew the following spells:

 Your Spells              Type           Power        Failure   Level  Hunger
a - Corona                Hex            ###....      3%          1    #......
b - Ensorcelled Hibernat  Hex/Ice        ##....       14%         2    ###....


Dungeon Overview and Level Annotations

Branches:
Dungeon (2/15)

Altars:

Annotations:
D:2 Sigmund


Innate Abilities, Weirdness & Mutations

You do not heal naturally.
You are immune to poison.
You have razor-sharp teeth.
You have supernaturally acute eyesight. (SInv)
You can survive without breathing.


Message History

Press: ? - help, Shift-Dir - straight line, f/p - Sigmund
Aim: Sigmund, wielding a scythe and wearing a robe (severely wounded, chance to defeat MR: 66%) Sigmund is outlined in light.
Sigmund screams, "Die, monster!"
Sigmund barely misses you.
You hit Sigmund.
Sigmund is almost dead.
Sigmund hits you with a scythe!
You feel devoid of blood!
You hit Sigmund.
Sigmund is almost dead.
You hit Sigmund but do no damage.
Sigmund is almost dead.
Sigmund gestures at you while chanting.
You are confused.
You bump into the rock wall.
Sigmund hits you with a scythe!
* * * LOW HITPOINT WARNING * * *
Sigmund hits you with a scythe!
Ouch! That really hurt!
You die...

#.........####
#.............#
#......##.#...#
#......##.#...#
####.....<##.#...#
#.........##.#...####
#.........##.#...#...
#....@....##.....#...
#...@.######.....#...
#................#...
#................#...
#................#...
#####............#...
#...........#####
..............#
.##...........#
#.....$.....#


You could see Sigmund.

Vanquished Creatures
  A worm (D:2)
  A leopard gecko (D:1)
  5 goblins (D:1)
  4 hobgoblins
  3 bats (D:1)
  3 frilled lizards
  A kobold (D:1)
  6 rats
24 creatures vanquished.

Notes
Turn   | Place    | Note
-------+----------+-------------------------------------------
     0 | D:1      | sankara the Vampire Enchanter began the quest for the Orb.
     0 | D:1      | Reached XP level 1. HP: 13/13 MP: 3/3
   715 | D:1      | Reached XP level 2. HP: 18/19 MP: 3/5
   728 | D:1      | Reached skill level 5 in Stealth
   735 | D:1      | Learned a level 2 spell: Ensorcelled Hibernation
  1070 | D:1      | Reached skill level 5 in Hexes
  1906 | D:2      | Noticed Sigmund
  1922 | D:2      | Mangled by Sigmund

Vault maps used:
D:1:      minmay_arrival_stone_box
D:2:      uniq_sigmund

Skill      XL: |  1  2 |
---------------+-------+-----
Stealth        | 5 |  5.2
Hexes          | 5 |  5.1
Short Blades   | |  1.1
Dodging        | |  2.1
Shields        | |  0.3
Spellcasting   | |  2.1
Ice Magic      | |  0.5

Action                   || total
-------------------------++-------
Melee: Dagger            ||    59
       Bite              ||     5
 Cast: Corona            ||    16
       Ensorcelled Hiber ||     3
  Use: Scroll            ||     2
 Stab: Sleeping          ||    13
Armor: Robe              ||     8
Dodge: Dodged            ||    31
Block: Buckler           ||     1

Table legend:
 A = Spawn XP
 B = Non-spawn XP
 C = Spawn XP percentage of total XP
 D = Spawn monster count
 E = Non-spawn monster count
 F = Spawn count percentage of total count
 G = Total turns spent on level
                    A         B        C        D         E        F      G
               +---------+---------+-------+---------+---------+-------+---------
         Total |       0 |      39 |   0.0 |       0 |      24 |   0.0 |  1922
               +---------+---------+-------+---------+---------+-------+---------
           D:1 |       0 |      24 |   0.0 |       0 |      16 |   0.0 |  1325
           D:2 |       0 |      15 |   0.0 |       0 |       8 |   0.0 |   597
               +---------+---------+-------+---------+---------+-------+---------
